TOP OF THE 1ST |
Salt Lake City Buzz batting - Pitching for Wilmington Bay Hawks : RHP Claudio Díaz
|
Pitching: RHP Claudio Díaz
|
|
Batting: LHB Randy Schlosser
|
0-0: Bunt for hit - play at first, batter OUT! 1-3
|
Batting: SHB Raymond Bright
|
0-0: Called Strike 0-1: Ground out 5-3 (Groundball, 56)
|
Batting: LHB Ramón Félix
|
0-0: Ball 1-0: Swinging Strike 1-1: Ball 2-1: Called Strike 2-2: Fly out, F7 (Flyball, 7)
|
Top of the 1st over - 0 run(s), 0 hit(s), 0 error(s), 0 left on base; Salt Lake City 0 - Wilmington 0 |
BOTTOM OF THE 1ST |
Wilmington Bay Hawks batting - Pitching for Salt Lake City Buzz : RHP Horace McKenzie
|
Pitching: RHP Horace McKenzie
|
|
Batting: RHB Raúl Guerrero
|
0-0: Called Strike 0-1: Swinging Strike 0-2: Ball 1-2: Strikes out swinging, 2-3 out at first.
|
Batting: LHB Phil Parkinson
|
0-0: Foul Ball, location: 2F 0-1: Called Strike 0-2: Ball 1-2: SINGLE (Groundball, 34D)
|
Batting: RHB Tanyu Kimura
|
0-0: Ball 1-0: Ball 2-0: Ball 3-0: Called Strike 3-1: Swinging Strike 3-2: Strikes out looking
|
Batting: RHB Byron Isaacson
|
0-0: DOUBLE (Flyball, 89D) Phil Parkinson to third Runner from 3rd tries for Home, SAFE, no throw
|
Batting: RHB Phil Terry
|
0-0: Ball 1-0: Foul Ball, location: 2F 1-1: Ball 2-1: Ball 3-1: 2-RUN HOME RUN (Flyball, 8LXD), Distance : 425 ft
|
Batting: RHB Artie Miller
|
0-0: Ball 1-0: Ground out 6-3 (Groundball, 6)
|
Bottom of the 1st over - 3 run(s), 3 hit(s), 0 error(s), 0 left on base; Salt Lake City 0 - Wilmington 3 |
TOP OF THE 2ND |
Salt Lake City Buzz batting - Pitching for Wilmington Bay Hawks : RHP Claudio Díaz
|
Batting: LHB Ángel Aguilar
|
0-0: Ball 1-0: Foul Ball, location: 2F 1-1: Foul Ball, location: 2F 1-2: Ball 2-2: Ball 3-2: Ground out 6-3 (Groundball, 6M)
|
Batting: RHB Gustavo Berrios
|
0-0: Ball 1-0: Foul Ball, location: 2F 1-1: Ball 2-1: Ball 3-1: Ground out 6-3 (Groundball, 56)
|
Batting: SHB Carlton Reed
|
0-0: Called Strike 0-1: Called Strike 0-2: Ball 1-2: Foul Ball, location: 2F 1-2: Ball 2-2: Foul Ball, location: 2F 2-2: Ball 3-2: Ground out 6-3 (Groundball, 6M)
|
Top of the 2nd over - 0 run(s), 0 hit(s), 0 error(s), 0 left on base; Salt Lake City 0 - Wilmington 3 |
BOTTOM OF THE 2ND |
Wilmington Bay Hawks batting - Pitching for Salt Lake City Buzz : RHP Horace McKenzie
|
Batting: RHB Abdul-Fattah bin Najjar
|
0-0: Ball 1-0: Ball 2-0: Ball 3-0: Base on Balls
|
Batting: RHB Daniel Cooper
|
0-0: Swinging Strike 0-1: Ball 1-1: Grounds into double play, 5-4-3 (Groundball, 56)
|
Batting: RHB Ray Flynn
|
0-0: Ball 1-0: Swinging Strike 1-1: Fly out, F7 (Flyball, 78S)
|
Bottom of the 2nd over - 0 run(s), 0 hit(s), 0 error(s), 0 left on base; Salt Lake City 0 - Wilmington 3 |
TOP OF THE 3RD |
Salt Lake City Buzz batting - Pitching for Wilmington Bay Hawks : RHP Claudio Díaz
|
Batting: RHB Roger Lakes
|
0-0: Swinging Strike 0-1: Fly out, F5 (Popup, 5S)
|
Batting: RHB Patrick Clark
|
0-0: Called Strike 0-1: Ball 1-1: Foul Ball, location: 2F 1-2: Ball 2-2: SOLO HOME RUN (Flyball, 7D), Distance : 379 ft
|
Batting: RHB Carlos López
|
0-0: DOUBLE (Line Drive, 89S)
|
Batting: LHB Randy Schlosser
|
0-0: Called Strike 0-1: Ball 1-1: Ball 2-1: Ground out 4-3 (Groundball, 4) Carlos López to third
|
Batting: SHB Raymond Bright
|
0-0: Fly out, F9 (Flyball, 89D)
|
Top of the 3rd over - 1 run(s), 2 hit(s), 0 error(s), 1 left on base; Salt Lake City 1 - Wilmington 3 |
BOTTOM OF THE 3RD |
Wilmington Bay Hawks batting - Pitching for Salt Lake City Buzz : RHP Horace McKenzie
|
Batting: RHB Raúl Guerrero
|
0-0: Called Strike 0-1: Ball 1-1: Ball 2-1: Swinging Strike 2-2: Fly out, F4 (Line Drive, 4)
|
Batting: LHB Phil Parkinson
|
0-0: SINGLE (Groundball, 4MD)
|
Batting: RHB Tanyu Kimura
|
Pickoff Throw to First - Out! 0-0: Called Strike 0-1: Ground out 6-3 (Groundball, 56)
|
Bottom of the 3rd over - 0 run(s), 1 hit(s), 0 error(s), 0 left on base; Salt Lake City 1 - Wilmington 3 |
TOP OF THE 4TH |
Salt Lake City Buzz batting - Pitching for Wilmington Bay Hawks : RHP Claudio Díaz
|
Batting: LHB Ramón Félix
|
0-0: Ball 1-0: Swinging Strike 1-1: Ball 2-1: Foul Ball, location: 2F 2-2: Foul Ball, location: 2F 2-2: Ball 3-2: Fly out, F7 (Flyball, 7LSF)
|
Batting: LHB Ángel Aguilar
|
0-0: SINGLE (Groundball, 34D)
|
Batting: RHB Gustavo Berrios
|
0-0: Called Strike 0-1: Foul Ball, location: 2F 0-2: Fly out, F9 (Flyball, 9)
|
Batting: SHB Carlton Reed
|
0-0: Ball 1-0: Ball 2-0: Called Strike 2-1: Foul Ball, location: 2F 2-2: Ball 3-2: Base on Balls Ángel Aguilar to second
|
Batting: RHB Roger Lakes
|
0-0: Foul Ball, location: 2F 0-1: Ball 1-1: Ball 2-1: Fielders Choice at 2nd, 6-4 (Groundball, 6)
|
Top of the 4th over - 0 run(s), 1 hit(s), 0 error(s), 1 left on base; Salt Lake City 1 - Wilmington 3 |
BOTTOM OF THE 4TH |
Wilmington Bay Hawks batting - Pitching for Salt Lake City Buzz : RHP Horace McKenzie
|
Batting: RHB Byron Isaacson
|
0-0: Called Strike 0-1: Called Strike 0-2: Foul Ball, location: 2F 0-2: Ball 1-2: Foul Ball, location: 2F 1-2: Ball 2-2: Foul Ball, location: 2F 2-2: Foul Ball, location: 2F 2-2: Ball 3-2: Fly out, F7 (Flyball, 78S)
|
Batting: RHB Phil Terry
|
0-0: Ball 1-0: SINGLE (Line Drive, 6MD)
|
Batting: RHB Artie Miller
|
0-0: Called Strike 0-1: Called Strike 0-2: Strikes out swinging
|
Batting: RHB Abdul-Fattah bin Najjar
|
0-0: Ball 1-0: Called Strike 1-1: Swinging Strike 1-2: Ball 2-2: Foul Ball, location: 2F 2-2: Ball 3-2: Strikes out looking
|
Bottom of the 4th over - 0 run(s), 1 hit(s), 0 error(s), 1 left on base; Salt Lake City 1 - Wilmington 3 |
TOP OF THE 5TH |
Salt Lake City Buzz batting - Pitching for Wilmington Bay Hawks : RHP Claudio Díaz
|
Batting: RHB Patrick Clark
|
0-0: Fly out, F7 (Flyball, 7)
|
Batting: RHB Carlos López
|
0-0: Called Strike 0-1: Foul Ball, location: 2F 0-2: Ball 1-2: Ball 2-2: Foul Ball, location: 2F 2-2: Ball 3-2: Foul Ball, location: 2F 3-2: Foul Ball, location: 2F 3-2: Fly out, F5 (Popup, 5D)
|
Batting: LHB Randy Schlosser
|
0-0: Ball 1-0: Called Strike 1-1: Ball 2-1: Ball 3-1: Single, Error in OF, E7, batter to second base
|
Batting: SHB Raymond Bright
|
0-0: Called Strike 0-1: Ball 1-1: Ball 2-1: Foul Ball, location: 2F 2-2: Ball 3-2: Base on Balls
|
Batting: LHB Ramón Félix
|
0-0: Foul Ball, location: 2F 0-1: Ball 1-1: Fly out, F5 (Line Drive, 56)
|
Top of the 5th over - 0 run(s), 1 hit(s), 1 error(s), 2 left on base; Salt Lake City 1 - Wilmington 3 |
BOTTOM OF THE 5TH |
Wilmington Bay Hawks batting - Pitching for Salt Lake City Buzz : RHP Horace McKenzie
|
Batting: RHB Daniel Cooper
|
0-0: Ball 1-0: SINGLE (Groundball, 56D)
|
Batting: RHB Ray Flynn
|
0-0: Ball 1-0: Sac Bunt - play at second, runner OUT! 5-6
|
Batting: RHB Raúl Guerrero
|
0-0: Ball 1-0: SINGLE (Groundball, 56D) Ray Flynn to second
|
Batting: LHB Phil Parkinson
|
0-0: Ball 1-0: Ball 2-0: Reached on error, E3 (Groundball, 3) Ray Flynn to third Raúl Guerrero to second
|
Batting: RHB Tanyu Kimura
|
0-0: Ball 1-0: Ball 2-0: Ground out 4-3 (Groundball, 4MS) Ray Flynn scores Raúl Guerrero to third Phil Parkinson to second
|
Batting: RHB Byron Isaacson
|
0-0: Ball 1-0: Called Strike 1-1: Ground out 3-1 (Groundball, 34S)
|
Bottom of the 5th over - 1 run(s), 2 hit(s), 1 error(s), 2 left on base; Salt Lake City 1 - Wilmington 4 |
TOP OF THE 6TH |
Salt Lake City Buzz batting - Pitching for Wilmington Bay Hawks : RHP Claudio Díaz
|
Batting: LHB Ángel Aguilar
|
0-0: Ball 1-0: Ball 2-0: Fly out, F7 (Flyball, 7LS)
|
Batting: RHB Gustavo Berrios
|
0-0: Swinging Strike 0-1: Ball 1-1: Ball 2-1: Foul Ball, location: 2F 2-2: Strikes out looking
|
Batting: SHB Carlton Reed
|
0-0: Called Strike 0-1: Ball 1-1: Foul Ball, location: 2F 1-2: SINGLE (Groundball, 34D)
|
Batting: RHB Roger Lakes
|
0-0: Ball 1-0: Ground out U3 (Groundball, 34)
|
Top of the 6th over - 0 run(s), 1 hit(s), 0 error(s), 1 left on base; Salt Lake City 1 - Wilmington 4 |
BOTTOM OF THE 6TH |
Wilmington Bay Hawks batting - Pitching for Salt Lake City Buzz : RHP Horace McKenzie
|
Batting: RHB Phil Terry
|
0-0: Ball 1-0: Called Strike 1-1: Ground out 1-3 (Groundball, 15S)
|
Batting: RHB Artie Miller
|
0-0: Foul Ball, location: 2F 0-1: Ball 1-1: Ground out 4-3 (Groundball, 4)
|
Batting: RHB Abdul-Fattah bin Najjar
|
0-0: Called Strike 0-1: Foul Ball, location: 2F 0-2: Ground out 6-3 (Groundball, 6)
|
Bottom of the 6th over - 0 run(s), 0 hit(s), 0 error(s), 0 left on base; Salt Lake City 1 - Wilmington 4 |
TOP OF THE 7TH |
Salt Lake City Buzz batting - Pitching for Wilmington Bay Hawks : RHP Claudio Díaz
|
Batting: RHB Patrick Clark
|
0-0: Ground out 6-3 (Groundball, 6)
|
Batting: RHB Carlos López
|
0-0: Called Strike 0-1: Ball 1-1: SINGLE (Groundball, 4D)
|
Batting: LHB Randy Schlosser
|
0-0: Called Strike 0-1: Foul Ball, location: 2F 0-2: Ball 1-2: Ball 2-2: Ball 3-2: Foul Ball, location: 2F 3-2: Foul Ball, location: 2F 3-2: Fly out, F8 (Line Drive, 8RM)
|
Pitching: RHP Robby McDonald
|
|
Batting: SHB Raymond Bright
|
0-0: Called Strike 0-1: Ball Carlos López is caught stealing 2nd base
|
Top of the 7th over - 0 run(s), 1 hit(s), 0 error(s), 0 left on base; Salt Lake City 1 - Wilmington 4 |
BOTTOM OF THE 7TH |
Wilmington Bay Hawks batting - Pitching for Salt Lake City Buzz : RHP Horace McKenzie
|
Batting: RHB Daniel Cooper
|
0-0: Ball 1-0: Foul Ball, location: 2F 1-1: Foul Ball, location: 2F 1-2: Ball 2-2: Foul Ball, location: 2F 2-2: Strikes out swinging
|
Batting: RHB Ray Flynn
|
0-0: Swinging Strike 0-1: Ball 1-1: Ground out 5-3 (Groundball, 56)
|
Batting: RHB Raúl Guerrero
|
0-0: Fly out, F9 (Flyball, 9LS)
|
Bottom of the 7th over - 0 run(s), 0 hit(s), 0 error(s), 0 left on base; Salt Lake City 1 - Wilmington 4 |
TOP OF THE 8TH |
Salt Lake City Buzz batting - Pitching for Wilmington Bay Hawks : RHP Robby McDonald
|
Batting: SHB Raymond Bright
|
0-0: Ball 1-0: Ball 2-0: Foul Ball, location: 2F 2-1: Swinging Strike 2-2: Ground out 4-3 (Groundball, 4)
|
Batting: LHB Ramón Félix
|
0-0: Called Strike 0-1: Ball 1-1: Foul Ball, location: 2F 1-2: Ball 2-2: DOUBLE (Line Drive, 8RD)
|
Pitching: LHP Cyrille Bertoletti
|
|
Batting: LHB Ángel Aguilar
|
0-0: Ball 1-0: Ball 2-0: Ball 3-0: Base on Balls
|
Pitching: LHP Dalton García
|
|
Batting: RHB Gustavo Berrios
|
0-0: Ball 1-0: Called Strike 1-1: Called Strike 1-2: Foul Ball, location: 2F 1-2: Ball 2-2: Ball 3-2: Base on Balls Ramón Félix to third Ángel Aguilar to second
|
Pitching: RHP Jen-djieh Si
|
|
Batting: SHB Carlton Reed
|
0-0: Ball 1-0: Ball 2-0: Ball 3-0: Base on Balls Ramón Félix scores Ángel Aguilar to third Gustavo Berrios to second
|
Pinch Hitting: LHB Valentín Salas
|
0-0: Ball 1-0: Called Strike 1-1: Called Strike 1-2: Foul Ball, location: 2F 1-2: Ball 2-2: GRAND SLAM HOME RUN (Line Drive, 9LD), Distance : 342 ft
|
Batting: RHB Patrick Clark
|
0-0: Called Strike 0-1: Ball 1-1: Ground out 6-3 (Groundball, 56)
|
Batting: RHB Carlos López
|
0-0: Ball 1-0: Ball 2-0: Called Strike 2-1: Ball 3-1: Base on Balls
|
Batting: LHB Randy Schlosser
|
0-0: Ball 1-0: Ball 2-0: Ball 3-0: Called Strike 3-1: Base on Balls Carlos López to second
|
Batting: SHB Raymond Bright
|
0-0: Called Strike 0-1: Foul Ball, location: 2F 0-2: Foul Ball, location: 2F 0-2: Ball 1-2: Fly out, F8 (Flyball, 8LM)
|
Top of the 8th over - 5 run(s), 2 hit(s), 0 error(s), 2 left on base; Salt Lake City 6 - Wilmington 4 |
BOTTOM OF THE 8TH |
Wilmington Bay Hawks batting - Pitching for Salt Lake City Buzz : RHP Horace McKenzie
|
Now at 2B: Shelby Reusch
|
|
Now in CF: Juan Martínez
|
|
Batting: LHB Phil Parkinson
|
0-0: Foul Ball, location: 2F 0-1: Foul Ball, location: 2F 0-2: Foul Ball, location: 2F 0-2: Foul Ball, location: 2F 0-2: Strikes out looking
|
Pitching: RHP Jim Unknown
|
|
Batting: RHB Tanyu Kimura
|
0-0: Ball 1-0: Fly out, F6 (Popup, 6)
|
Batting: RHB Byron Isaacson
|
0-0: Swinging Strike 0-1: Swinging Strike 0-2: Foul Ball, location: 2F 0-2: Foul Ball, location: 2F 0-2: Ball 1-2: Strikes out swinging
|
Bottom of the 8th over - 0 run(s), 0 hit(s), 0 error(s), 0 left on base; Salt Lake City 6 - Wilmington 4 |
TOP OF THE 9TH |
Salt Lake City Buzz batting - Pitching for Wilmington Bay Hawks : RHP Jen-djieh Si
|
Batting: LHB Ramón Félix
|
0-0: Foul Ball, location: 2F 0-1: Called Strike 0-2: Ball 1-2: Ball 2-2: Ground out 4-3 (Groundball, 34)
|
Batting: LHB Ángel Aguilar
|
0-0: Called Strike 0-1: Ball 1-1: Fly out, F8 (Flyball, 8RXD)
|
Batting: RHB Gustavo Berrios
|
0-0: Ball 1-0: Called Strike 1-1: Ball 2-1: Ball 3-1: Foul Ball, location: 2F 3-2: Foul Ball, location: 2F 3-2: Base on Balls
|
Batting: SHB Carlton Reed
|
0-0: Called Strike 0-1: Foul Ball, location: 2F 0-2: Ball 1-2: Ball 2-2: Strikes out swinging
|
Top of the 9th over - 0 run(s), 0 hit(s), 0 error(s), 1 left on base; Salt Lake City 6 - Wilmington 4 |
BOTTOM OF THE 9TH |
Wilmington Bay Hawks batting - Pitching for Salt Lake City Buzz : RHP Jim Unknown
|
Now at 1B: Wayne Saunders
|
|
Batting: RHB Phil Terry
|
0-0: Ball 1-0: Called Strike 1-1: Swinging Strike 1-2: Fly out, F7 (Flyball, 7LM)
|
Batting: RHB Artie Miller
|
0-0: Foul Ball, location: 2F 0-1: Swinging Strike 0-2: Strikes out looking
|
Batting: RHB Abdul-Fattah bin Najjar
|
0-0: Called Strike 0-1: Ground out 5-3 (Groundball, 56S)
|
Bottom of the 9th over - 0 run(s), 0 hit(s), 0 error(s), 0 left on base; Salt Lake City 6 - Wilmington 4 |
|